 Dungeon Crawl Stone Soup version 0.26.1 (webtiles) character file.

Game seed: 6980715989886017243

28461 Hehehe the Severer (level 13, -5/111 HPs)
             Began as a Deep Dwarf Fighter on Feb 7, 2021.
             Was the Champion of Makhleb.
             Slain by a two-headed ogre
             ... wielding a +0 giant club
              (17 damage)
             ... on level 2 of the Orcish Mines.
             The game lasted 00:21:43 (8243 turns).

Hehehe the Severer (Deep Dwarf Fighter)             Turns: 8243, Time: 00:21:44

Health: -5/111     AC: 21    Str: 24    XL:     13   Next: 9%
Magic:  12/12 (2)  EV:  8    Int: 15    God:    Makhleb [******]
Gold:   1171       SH: 19    Dex: 12    Spells: 12/12 levels left

rFire    + . .     SeeInvis +   a - +1 war axe
rCold    + . .     Faith    .   B - +0 tower shield
rNeg     . . .     Spirit   .   t - +8 chain mail "Hoociore" {rElec SInv}
rPois    .         Reflect  .   H - +3 hat of Pondering {ponderous, Will+ MP+10 Int+5}
rElec    +         Harm     .   s - scarf {rC+ rF+}
rCorr    +         Rampage  .   (no gloves)
Will     ++...                  (no boots)
Stlth    ..........             (no amulet)
HPRegen  0.00/turn              F - ring of resist corrosion
MPRegen  0.13/turn              l - ring of see invisible

@: lethally poisoned (-5 -> -5), non-regenerating, slow
A: damage resistance, heal wounds, sense surroundings 2, no regeneration
a: Heal Wounds, Renounce Religion, Minor Destruction, Lesser Servant of Makhleb,
Major Destruction, Greater Servant of Makhleb


You were on level 2 of the Orcish Mines.
You worshipped Makhleb.
Makhleb was exalted by your worship.
You visited 3 branches of the dungeon, and saw 14 of its levels.

You collected 1229 gold pieces.
You spent 58 gold pieces at shops.

Inventory:

Hand Weapons
 a - a +1 war axe (weapon)
Armour
 s - a scarf of resistance (worn)
 t - the +8 chain mail "Hoociore" (worn) {rElec SInv}
   (You found it on level 7 of the Dungeon)

   It insulates you from electricity.
   It lets you see invisible.
 B - a +0 tower shield (worn)
 H - the +3 hat of Pondering (worn) {ponderous, Will+ MP+10 Int+5}
   (You took it off Gastronok on level 8 of the Dungeon)

   It affects your intelligence (+5).
   It affects your willpower, your defense against some magical effects.
   It affects your magic capacity (+10).
Jewellery
 i - an uncursed ring of flight
 j - an uncursed ring of ice
 l - a ring of see invisible (right hand)
 q - an uncursed ring of fire
 F - a ring of resist corrosion (left hand)
 N - an uncursed amulet of guardian spirit {unknown}
 O - an uncursed ring of ice
Wands
 c - a wand of enslavement (13)
 e - a wand of disintegration (6)
 r - a wand of random effects (15)
 u - a wand of polymorph (26)
 w - a wand of paralysis (15)
 y - a wand of iceblast (8)
 C - a wand of flame (25)
 E - a wand of acid (2)
Scrolls
 d - 4 scrolls of identify
 k - 3 scrolls of teleportation
 v - 3 scrolls of fear
 z - a scroll of amnesia
 G - 4 scrolls of enchant weapon
 I - 2 scrolls of magic mapping
 K - 3 scrolls of remove curse
 L - a scroll of holy word
Potions
 b - a potion of flight
 f - 2 potions of brilliance
 g - 2 potions of magic
 h - 5 potions of curing


   Skills:
 + Level 6.1 Fighting
 + Level 15.4 Axes
 + Level 7.3 Armour
 - Level 6.0 Dodging
 + Level 4.6 Stealth
 + Level 12.7 Shields
 + Level 8.4 Evocations


You had 12 spell levels left.
You didn't know any spells.
Your spell library contained the following spells:

 Spells                   Type           Power        Failure   Level
 Corona                   Hex            0%           100%        1
 Magic Dart               Conj           0%           100%        1
 Blink                    Tloc           N/A          100%        2
 Call Imp                 Summ           0%           100%        2
 Ensorcelled Hibernation  Hex/Ice        0%           100%        2
 Slow                     Hex            0%           100%        2
 Confusing Touch          Hex            0%           100%        3
 Conjure Flame            Conj/Fire      0%           100%        3
 Dazzling Flash           Conj/Hex       0%           100%        3
 Mephitic Cloud           Conj/Pois/Air  0%           100%        3
 Tukima's Dance           Hex            0%           100%        3


Dungeon Overview and Level Annotations

Branches:
Dungeon (11/15)            Temple (1/1) D:4            Lair (0/6) D:10
    Orc (2/2) D:10            Elf (0/3) Orc:2

Altars:
Ashenzari
Cheibriados
Dithmenos
Elyvilon
Fedhas
Gozag
Hepliaklqana
Kikubaaqudgha
Makhleb
Nemelex Xobeh
Okawaru
Qazlal
Ru
Sif Muna
Trog
Uskayaw
Vehumet
Wu Jian
Xom
Yredelemnul
Zin
The Shining One

Shops:
D:9 [   D:10 }

Annotations:
D:6 2 transporters


Innate Abilities, Weirdness & Mutations

You are resistant to damage.
You can heal yourself by infusing magical energy.
You passively map the area around you.
You do not regenerate.


Message History

* * * LOW HITPOINT WARNING * * *
You block the two-headed ogre's attack. The troll closely misses you.
You block the troll's attack. The troll claws you. The troll barely misses you.
You block the troll's attack. x3; The troll claws you but does no damage.
The troll closely misses you.
The two-headed ogre hits you with a cursed -1 giant spiked club!
* * * LOW HITPOINT WARNING * * *
The two-headed ogre hits you but does no damage.
You slash the two-headed ogre!
The two-headed ogre is heavily wounded.
You closely miss the troll. You slash the ogre mage!
You hit the troll but do no damage. You closely miss the troll.
You hit the troll.
Your chain mail "Hoociore" prevents you from hitting the two-headed ogre.
You hit the two-headed ogre but do no damage.
The troll bites you but does no damage. You block the troll's attack.
The troll barely misses you. You block the ogre mage's attack.
The troll bites you but does no damage.
The troll claws you but does no damage. x2
The two-headed ogre hits you with a +0 giant club!!
You die...

..............##....#
..............#.....#
.............##.....##
.....................***
..$.................#*,******
...............#....#,,,,*,,**
............#...o...##...,,,,****
.........$.....OOTO......*,,,,,*,
...............O@TO.#...#,,,,∩,,,
...............TOT....T<.,,,,,,,,
................COO....#*,,,,,,,,
..............$.........#,,,,,,,,
.....#......#.....##.....,,,,,,,,
.....#.......#.....*..#.#,*,∩,,,,
.........#,...###.#,....#**,,,*,,
..#......##..#*,*##*,,..,********
.........#,**,,,,**,,,*,** *


You could see 3 two-headed ogres, an ogre mage, a cyclops (corroded), 5 trolls,
an orc warrior and 4 ogres.

Vanquished Creatures
  Gastronok (D:8)
  2 orc warlords (Orc:1)
  Snorg (D:10)
  Harold (D:8)
  A centaur warrior (D:11)
  7 two-headed ogres
  2 orc knights
  2 ugly things (D:11)
  3 orc sorcerers
  A cyclops (D:11)
  Maurice (D:9)
  A gargoyle (D:11)
  5 trolls
  A jumping spider (shapeshifter) (D:9)
  Prince Ribbit (D:7)
  Eustachio (D:5)
  15 yaks
  A vampire mosquito (D:11)
  2 wargs (Orc:2)
  A water moccasin (D:11)
  2 ice beasts
  16 orc warriors
  2 phantoms
  An eye of draining (D:11)
  2 sky beasts
  2 black bears
  16 ogres
  10 centaurs
  A big kobold (D:10)
  8 bullfrogs
  4 scorpions
  A water moccasin skeleton (D:7)
  10 killer bees
  12 wights
  3 bullfrog zombies (D:9)
  2 howler monkeys
  3 centaur zombies
  7 hounds
  A quasit (D:6)
  13 orc priests
  3 centaur skeletons
  2 bullfrog skeletons
  5 iguanas
  A jelly (D:7)
  Ijyb (D:4)
  23 orc wizards
  8 worker ants
  A killer bee zombie (D:5)
  2 hound skeletons
  2 howler monkey skeletons
  A howler monkey zombie (D:9)
  A gnoll (D:7)
  21 adders
  2 shadow imps
  4 white imps
  4 ufetubi
  An ooze (D:2)
  An adder skeleton (D:7)
  3 worms
  3 dart slugs (D:2)
  11 leopard geckos
  88 orcs
  5 bats
  6 giant cockroaches
  6 hobgoblins
  19 jackals
  6 quokkas
  A ball python (D:1)
  6 frilled lizards
  9 goblins
  A jackal skeleton (D:7)
  12 kobolds
  A leopard gecko skeleton (D:4)
  2 quokka skeletons (D:5)
  7 rats
435 creatures vanquished.

Vanquished Creatures (others)
  A plant (D:2)
1 creature vanquished.

Grand Total: 436 creatures vanquished

Notes
Turn   | Place    | Note
-------+----------+-------------------------------------------
     0 | D:1      | Hehehe the Deep Dwarf Fighter began the quest for the Orb.
     0 | D:1      | Reached XP level 1. HP: 20/20 MP: 1/1
    54 | D:1      | Reached skill level 3 in Axes
    54 | D:1      | Reached XP level 2. HP: 27/27 MP: 2/2
   733 | D:2      | Found an ancient bone altar of Kikubaaqudgha.
   740 | D:2      | Reached XP level 3. HP: 28/33 MP: 3/3
   741 | D:2      | Reached skill level 4 in Axes
   752 | D:2      | Found a blossoming altar of Fedhas.
   823 | D:2      | Reached XP level 4. HP: 24/40 MP: 4/4
   952 | D:2      | Reached skill level 5 in Axes
  1226 | D:3      | Reached XP level 5. HP: 19/46 MP: 4/4
  1234 | D:3      | Reached skill level 6 in Axes
  1361 | D:3      | Reached skill level 7 in Axes
  1362 | D:3      | Reached XP level 6. HP: 37/55 MP: 5/5
  1735 | D:4      | Reached skill level 8 in Axes
  1835 | D:4      | Noticed Ijyb
  1837 | D:4      | Found an ornate altar of the Wu Jian Council.
  1850 | D:4      | Killed Ijyb
  2003 | D:4      | Found a staircase to the Ecumenical Temple.
  2153 | Temple   | Entered the Ecumenical Temple
  2286 | Temple   | Became a worshipper of Makhleb the Destroyer
  2378 | D:4      | Reached XP level 7. HP: 36/61 MP: 4/4
  2618 | D:5      | Entered Level 5 of the Dungeon
  2643 | D:5      | Reached skill level 9 in Axes
  2900 | D:5      | Reached * piety under Makhleb
  2919 | D:5      | Noticed Eustachio
  2935 | D:5      | Reached skill level 10 in Axes
  2954 | D:5      | Killed Eustachio
  2955 | D:5      | Reached XP level 8. HP: 47/68 MP: 4/4
  3298 | D:6      | Found a transporter.
  3403 | D:6      | Found a transporter.
  3500 | D:6      | Reached ** piety under Makhleb
  3598 | D:6      | Reached skill level 11 in Axes
  3715 | D:6      | Reached skill level 5 in Shields
  3884 | D:7      | Reached skill level 1 in Dodging
  3930 | D:7      | Reached skill level 1 in Evocations
  4052 | D:7      | Got a heavily runed chain mail
  4063 | D:7      | Identified the +8 chain mail "Hoociore" {rElec SInv} (You
                  | found it on level 7 of the Dungeon)
  4100 | D:7      | Noticed Prince Ribbit
  4132 | D:7      | Killed Prince Ribbit
  4133 | D:7      | Gained mutation: You passively map the area around you.
                  | [Deep Dwarf growth]
  4133 | D:7      | Reached XP level 9. HP: 61/74 MP: 4/4
  4204 | D:7      | Found an opulent altar of Gozag.
  4411 | D:7      | You fall into a shaft and drop 2 floors!
  4419 | D:9      | Reached *** piety under Makhleb
  4422 | D:9      | Reached skill level 5 in Evocations
  4431 | D:9      | Noticed a guardian serpent
  4431 | D:9      | Noticed an unseen horror
  4431 | D:9      | a guardian serpent changed into an unseen horror
  4439 | D:9      | Noticed a jumping spider
  4439 | D:9      | an unseen horror changed into a jumping spider
  4466 | D:9      | Killed a jumping spider
  4467 | D:9      | Reached skill level 12 in Axes
  4524 | D:9      | Found a sacrificial altar of Ru.
  4612 | D:8      | Found a hide-covered altar of Uskayaw.
  4621 | D:8      | Reached XP level 10. HP: 60/81 MP: 5/5
  4839 | D:8      | Noticed Gastronok
  4872 | D:8      | Killed Gastronok
  4873 | D:8      | Reached skill level 13 in Axes
  5021 | D:8      | Noticed Harold
  5022 | D:8      | Noticed a two-headed ogre
  5048 | D:8      | Killed Harold
  5049 | D:8      | Reached skill level 10 in Shields
  5061 | D:8      | Killed a two-headed ogre
  5536 | D:9      | Noticed Maurice
  5559 | D:9      | Killed Maurice
  5560 | D:9      | Reached XP level 11. HP: 81/88 MP: 4/4
  5653 | D:9      | Reached **** piety under Makhleb
  5654 | D:9      | Reached skill level 5 in Armour
  5807 | D:9      | Found Bulite's Armour Boutique.
  5813 | D:9      | Bought a +0 tower shield for 58 gold pieces
  5993 | D:10     | Entered Level 10 of the Dungeon
  6028 | D:10     | Noticed Snorg
  6080 | D:10     | Killed Snorg
  6081 | D:10     | Reached skill level 14 in Axes
  6081 | D:10     | Reached skill level 5 in Dodging
  6321 | D:10     | Reached ***** piety under Makhleb
  6364 | D:10     | Found a staircase to the Orcish Mines.
  6527 | D:10     | Found a staircase to the Lair.
  6633 | D:10     | Found Fydwupto's Gadget Shoppe.
  6650 | D:10     | Noticed a two-headed ogre
  6658 | D:10     | Killed a two-headed ogre
  6756 | D:11     | Noticed a red ugly thing
  6783 | D:11     | Killed a red ugly thing
  6882 | D:11     | Noticed a two-headed ogre
  6893 | D:11     | Killed a two-headed ogre
  6894 | D:11     | Reached XP level 12. HP: 99/99 MP: 5/5
  6971 | D:11     | Noticed a two-headed ogre
  6987 | D:11     | Killed a two-headed ogre
  7318 | D:11     | Noticed a centaur warrior
  7334 | D:11     | Killed a centaur warrior
  7468 | D:11     | Reached skill level 15 in Axes
  7574 | D:11     | Reached skill level 5 in Fighting
  7610 | Orc:1    | Entered Level 1 of the Orcish Mines
  7648 | Orc:1    | Noticed an orc warlord
  7658 | Orc:1    | Killed an orc warlord
  7659 | Orc:1    | Reached skill level 1 in Stealth
  7676 | Orc:1    | Noticed an orc warlord
  7723 | Orc:1    | Killed an orc warlord
  7745 | Orc:1    | Reached ****** piety under Makhleb
  7994 | Orc:2    | Entered Level 2 of the Orcish Mines
  8133 | Orc:2    | Noticed an orc warlord
  8210 | Orc:2    | Noticed a two-headed ogre
  8214 | Orc:2    | Noticed an ogre mage
  8215 | Orc:2    | Noticed a two-headed ogre
  8215 | Orc:2    | Noticed a two-headed ogre
  8225 | Orc:2    | Noticed a two-headed ogre
  8226 | Orc:2    | Noticed a two-headed ogre
  8229 | Orc:2    | Noticed a two-headed ogre
  8237 | Orc:2    | Killed a two-headed ogre
  8238 | Orc:2    | Reached XP level 13. HP: 52/111 MP: 2/2
  8243 | Orc:2    | Slain by a two-headed ogre

Illustrated notes

Levels and vault maps discovered:
D:1:      mrwooster_arrival_statue_2, layout_basic, minmay_octomino_j4
D:2:      layout_rooms, grunt_temple_overflow_growth_and_decay
D:3:      layout_rooms
D:4:      layout_cave_pods, lemuel_coloured_pillars_altar,
          minmay_temple_entry_butterflies, uniq_ijyb
D:5:      layout_loops_ring, uniq_eustachio
D:6:      gammafunk_steamed_eel, layout_rooms, hex_large,
          chequers_serial_rivers_small_b
D:7:      minmay_the_grid_square_5x5_3x3
          [minmay_the_grid_square_5x5_inverted_slash,
          minmay_the_grid_square_5x5_tetrominoes,
          minmay_the_grid_square_5x5_shuriken, minmay_the_grid_square_5x5_v,
          minmay_the_grid_square_5x5_megaprize_hollow,
          minmay_the_grid_square_5x5_minibox, minmay_the_grid_square_5x5_six,
          minmay_the_grid_square_5x5_shrine2,
          minmay_the_grid_square_5x5_detours], layout_rooms,
          nicolae_gozag_cash_rules_everything_around_me, uniq_prince_ribbit1
D:8:      layout_basic, lemuel_round_altar, hangedman_decor_peaks_small,
          uniq_gastronok, uniq_harold
D:9:      layout_roguey, basic_altar, serial_shops, shop, uniq_maurice
D:10:     layout_rooms, lair_entry_dummy, orc_0_dummy, serial_shops,
          nicolae_shop_behind_doors, uniq_snorg
D:11:     layout_long_grid, minmay_joined_circles
Temple:   regret_index_temple_mists
Orc:1:    cheibrodos_orc_arena, layout_diamond_mine
Orc:2:    st_orc_open, layout_caves, serial_shops, bzr_entry_gold

Skill      XL: |  1  2  3  4  5  6  7  8  9 10 11 12 |
---------------+-------------------------------------+-----
Axes           | 3 4 5 7 8 10 11 12 13 14 15 | 15.4
Shields        | 5 8 10 11 12 | 12.7
Dodging        | 2 4 6 |  6.0
Evocations     | 3 5 6 8 |  8.4
Armour         | 4 6 7 |  7.3
Fighting       | 3 6 |  6.1
Stealth        | 4 |  4.6

Action                   |  1- 3 |  4- 6 |  7- 9 | 10-12 | 13-15 || total
-------------------------+-------+-------+-------+-------+-------++-------
Melee: War axe           |   112 |   230 |   400 |   893 |     6 ||  1641
 Abil: Heal Wounds       |       |    11 |     6 |    28 |       ||    45
Evoke: Wand              |       |       |       |     9 |       ||     9
  Use: Scroll            |       |     9 |     5 |    13 |       ||    27
       Potion            |       |       |       |    11 |       ||    11
 Stab: Paralysed         |       |       |       |     4 |       ||     4
Armor: Scale mail        |    57 |    91 |    72 |       |       ||   220
       Chain mail        |       |       |    93 |   308 |    18 ||   419
       Skin              |       |       |       |    33 |       ||    33
Dodge: Dodged            |    41 |    77 |   134 |   189 |    16 ||   457
Block: Kite shield       |    77 |   137 |   260 |   106 |       ||   580
       Tower shield      |       |       |       |   674 |    22 ||   696
